 Dungeon Crawl Stone Soup version 0.14.0-6-g1bc2dff (webtiles) character file.

833 RogerD the Ruffian (level 7, 0/68 HPs)
             Began as a Troll Monk on Apr 11, 2014.
             Killed by divine providence
             ... invoked by an orc priest
              (12 damage)
             ... on Level 6 of the Dungeon.
             The game lasted 01:04:46 (5435 turns).

RogerD the Ruffian (Troll Monk)                     Turns: 5435, Time: 01:04:59

HP   0/68        AC  4     Str 21      XL: 7   Next: 33%
MP   3/3         EV 12     Int  6      God:
Gold 159         SH  0     Dex 13      Spells:  0 memorised,  6 levels left

rFire  . . .     SeeInvis .       - Unarmed
rCold  . . .     Clarity  .     (armour restricted)
rNeg   . . .     Conserve .     (shield restricted)
rPois  .         rCorr    .     (helmet restricted)
rElec  .         rRot     .     C - +0 cloak (curse)
SustAb . .       Spirit   .     (gloves unavailable)
rMut   .         Warding  .     (boots unavailable)
Gourm  +         Stasis   .     (no amulet)
MR     .....                    (no ring)
                                (no ring)

@: not resistant to hostile enchantments, unstealthy
A: unfitting armour, claws 3, fast metabolism 3, gourmand, regeneration 2,
saprovore 2, shaggy fur 1, tough skin 2
a: no special abilities


You were on level 6 of the Dungeon.
You were not hungry.

You visited 2 branches of the dungeon, and saw 7 of its levels.

You collected 159 gold pieces.

Inventory:

Hand weapons
 t - a +3,+5 mace of holy wrath
 y - a cursed -3,-3 war axe
 F - a +2,+1 short sword of distortion
Missiles
 k - 23 stones (quivered)
 P - 13 darts of flame
Armour
 C - a cursed +0 cloak (worn)
 D - a +0 cloak
Magical devices
 x - a wand of paralysis (15)
Comestibles
 b - 3 meat rations
 f - 4 bread rations
 m - an apple
 q - 8 strawberries
 A - 2 pears
 B - a lemon
Scrolls
 g - a scroll of fog {unknown}
 i - a scroll of blinking
 o - a scroll of enchant weapon II {unknown}
 u - a scroll of fear
 v - a scroll of recharging {unknown}
 z - 4 scrolls of identify
 G - a scroll of teleportation {unknown}
 H - a scroll of random uselessness {unknown}
 N - a scroll of noise {unknown}
 O - a scroll of amnesia {unknown}
Jewellery
 w - an uncursed ring of fire
 L - an uncursed ring of wizardry {unknown}
Potions
 c - a potion of magic {unknown}
 e - 3 potions of curing
 h - a potion of resistance {unknown}
 j - a potion of paralysis {unknown}
 l - a potion of haste {unknown}
 n - 2 potions of degeneration {unknown}
 p - 2 potions of heal wounds {unknown}
 r - a potion of confusion {unknown}
 s - 2 potions of lignification
 E - a potion of brilliance {unknown}
 I - a potion of poison {unknown}
 J - a potion of mutation {unknown}
 K - a potion of invisibility {unknown}
 M - a potion of porridge
Books
 a - a book of Summonings

   Spells                             Type                      Level
   Abjuration                         Summoning                    3
   Recall                             Summoning/Translocation      3
   Summon Elemental                   Summoning                    4
   Shadow Creatures                   Summoning                    5
   Summon Demon                       Summoning                    5
   Monstrous Menagerie                Summoning                    6


   Skills:
 + Level 3.7 Fighting
 + Level 1.7 Throwing
 + Level 4.6 Dodging
 + Level 1.5 Stealth
 + Level 6.2 Unarmed Combat


You had 6 spell levels left.
You didn't know any spells.

Dungeon Overview and Level Annotations

Branches:
Dungeon (6/15)             Temple (1/1) D:4

Altars:
Ashenzari
Cheibriados
Elyvilon
Fedhas
Kikubaaqudgha
Makhleb
Nemelex Xobeh
Okawaru
Sif Muna
Xom
Yredelemnul
The Shining One


Innate Abilities, Weirdness & Mutations

You are too large for most types of armour.
You have claws for hands.
Your metabolism is lightning-fast.
You like to eat raw meat.
You heal very quickly.
You can eat rotten meat.
You are covered in fur (AC +1).
You have very tough skin (AC +2).


Message History

You claw the orc!
You kill the orc!
You claw the orc priest!
The orc priest begins to bleed from its wounds!
The orc priest is almost dead.
The orc warrior hits you from afar with a halberd!
You hit the orc priest.
The orc priest is almost dead.
The orc priest hits you. The orc warrior closely misses you.
You closely miss the orc. Your punch misses the orc. The orc barely misses you.
The orc priest mumbles some strange prayers to Beogh against you.
Something smites you!
* * * LOW HITPOINT WARNING * * *
You barely miss the orc priest.
The orc priest is almost dead.
The orc warrior closely misses you. The orc hits you with a hand axe.
* * * LOW HITPOINT WARNING * * *
The orc priest mumbles some strange prayers to Beogh against you.
Something smites you!
You die...

.......# #.......##
#........#
....##(..>....#
.......).......# #.
... #........# #. #.#
#.....o..#
#.###.#####.##o##.#
#........##...@o..#
###............>.####
...........####..#
.###...>...####..#
.##..........##..#
...........#.....#
.###.......####.##
.#####.##.......#
.......##########


You could see an orc warrior, an orc priest (bleeding) and an orc.

Vanquished Creatures
  The ghost of kagredon the Covert, an average SpAs (D:6)
  The ghost of keeper the Skirmisher, an average DrFi (D:3)
  An ogre (D:5)
  An orc priest (D:4)
  A hound (D:4)
  2 orc wizards
  2 worker ants (D:5)
  Jessica (D:3)
  Terence (D:3)
  4 adders
  2 worms
  An adder skeleton (D:6)
  4 giant geckos
  An ooze (D:3)
  18 orcs
  7 bats
  A bat skeleton (D:5)
  7 giant cockroaches
  16 goblins
  12 hobgoblins
  2 giant newts
  6 jackals
  16 kobolds
  An orc skeleton (D:5)
  17 rats
  A plant (D:1)
127 creatures vanquished.

Notes
Turn   | Place    | Note
--------------------------------------------------------------
     0 | D:1      | RogerD, the Troll Monk, began the quest for the Orb.
     0 | D:1      | Reached XP level 1. HP: 22/22 MP: 1/1
   445 | D:1      | Reached XP level 2. HP: 29/29 MP: 1/1
  1036 | D:2      | Reached XP level 3. HP: 36/36 MP: 2/2
  1661 | D:3      | Noticed Terence
  1672 | D:3      | Killed Terence
  1672 | D:3      | Reached XP level 4. HP: 20/45 MP: 2/2
  1827 | D:3      | Noticed Jessica
  1842 | D:3      | Killed Jessica
  1971 | D:3      | Reached XP level 5. HP: 47/53 MP: 2/2
  2030 | D:3      | Noticed keeper's ghost (average DrFi)
  2071 | D:3      | Killed keeper's ghost
  2071 | D:3      | Reached skill level 1 in Throwing
  2071 | D:3      | Reached skill level 5 in Unarmed Combat
  2209 | D:3      | Found a blossoming altar of Fedhas.
  2496 | D:4      | Found a glowing golden altar of the Shining One.
  2622 | D:4      | Reached XP level 6. HP: 61/61 MP: 3/3
  2912 | D:4      | Found a shattered altar of Ashenzari.
  2985 | D:4      | Found a staircase to the Ecumenical Temple.
  3075 | Temple   | Entered the Ecumenical Temple
  3633 | D:5      | Entered Level 5 of the Dungeon
  3993 | D:5      | Found a burning altar of Makhleb.
  4018 | D:5      | Reached XP level 7. HP: 53/68 MP: 3/3
  5265 | D:5      | Reached skill level 6 in Unarmed Combat
  5354 | D:6      | Noticed kagredon's ghost (average SpAs)
  5365 | D:6      | Killed kagredon's ghost
  5435 | D:6      | Killed from afar by an orc priest

Action                   |  1- 3 |  4- 6 |  7- 9 || total
-------------------------+-------+-------+-------++-------
Melee: Unarmed           |   128 |   174 |    52 ||   354
Throw: Stone             |    26 |    27 |     4 ||    57
  Use: Potion            |       |     3 |       ||     3
       Scroll            |       |     2 |     3 ||     5
